AoeStats
← persephone9

Arabia

503663442Analyzed
4v4 RM · 1mo ago on Sep 1, 2026· 53m 37s· 8 players
Game mode
Random Map
Map size
Large (8 player)
Population
200
Speed
Normal
Resources
Standard
Victory
Conquest
Starting age
Dark Age
Ending age
Imperial Age
RankedLock teamsTeams togetherTeam positionsShared explorationLock speedFull tech treeHidden civsTurbo modeCheats
Victory
Defeat
🇷🇺 Jurchens · Russia
869
+9
🇺🇸 Bohemians · United States
736
+15
🇳🇱 Vikings · Netherlands
715
+16
611
+21
🇿🇦 Cumans · South Africa
747
-17
🇩🇪 Inca · Germany
743
-17
🇨🇴 Goths · Colombia
721
-15
🇨🇳 Persians · China
656
-13
TEAM MBG
2:17 Loom
11:00 Feudal Age
11:26 Double-Bit Axe
11:25 Horse Collar
19:34 Castle Age
20:24 Heavy Plow
20:38 Bow Saw
20:53 Stone Mining
23:45 Gold Mining
24:35 Fletching
26:39 Gold Shaft Mining
27:14 Ballistics
26:35 Treadmill Crane
26:51 Murder Holes
33:02 Imperial Age
33:38 Squires
33:25 Arson
34:52 Crop Rotation
36:00 Two-Man Saw
37:15 Scale Mail Armor
39:40 Chieftains
40:05 Chain Mail Armor
40:02 Forging
39:52 Bodkin Arrow
40:30 Heated Shot
43:04 Capped Ram
43:52 Bogsveigar
44:10 Elite Berserk
44:35 Siege Ram
45:44 Caravan
47:13 Plate Mail Armor
47:18 Iron Casting
46:44 Bracer
47:58 Crossbowman
48:54 Padded Archer Armor
50:01 Blast Furnace
49:31 Arbalester
50:15 Padded Archer Armor
52:19 Leather Archer Armor
53:50 Chemistry
52:56 Siege Engineers
persephone9
0:44 Loom
11:15 Feudal Age
12:45 Town Watch
19:50 Horse Collar
20:26 Double-Bit Axe
22:55 Castle Age
21:24 Fletching
25:25 Fervor
32:58 Imperial Age
32:19 Bodkin Arrow
33:54 Chemistry
33:16 Ballistics
33:20 Caravan
34:28 Conscription
37:23 Town Patrol
38:20 Bracer
41:33 Siege Engineers
41:24 Murder Holes
44:17 Houfnice
44:26 Elite Hussite Wagon
46:43 Bow Saw
46:36 Padded Archer Armor
46:41 Scale Barding Armor
46:36 Scale Mail Armor
46:39 Heavy Plow
kapusta
2:49 Loom
10:50 Feudal Age
11:35 Double-Bit Axe
11:32 Horse Collar
18:26 Castle Age
17:10 Gold Mining
18:12 Forging
19:07 Scale Barding Armor
19:24 Bow Saw
22:28 Iron Casting
23:41 Wheelbarrow
25:09 Heavy Plow
27:19 Chain Barding Armor
27:18 Husbandry
28:29 Bloodlines
29:05 Fletching
31:55 Hand Cart
31:45 Caravan
32:42 Bodkin Arrow
32:53 Padded Archer Armor
33:03 Stone Mining
33:56 Gold Shaft Mining
34:37 Town Watch
35:19 Leather Archer Armor
36:24 Ballistics
38:52 Imperial Age
37:59 Fervor
38:38 Town Patrol
38:42 Elite Skirmisher
40:06 Ring Archer Armor
41:41 Guilds
41:12 Elite Steppe Lancer
42:08 Pikeman
44:20 Chemistry
43:46 Halberdier
45:14 Squires
45:00 Gambesons
45:08 Arson
48:25 Stone Shaft Mining
48:16 Bracer
48:01 Treadmill Crane
49:03 Scale Mail Armor
49:50 Chain Mail Armor
51:05 Plate Barding Armor
52:52 Elite Fire Lancer
54:17 Coinage
Hello, this is scout!
11:54 Feudal Age
13:31 Horse Collar
15:28 Double-Bit Axe
17:03 Scale Mail Armor
17:13 Forging
17:24 Arson
31:41 Castle Age
31:11 Double-Bit Axe
31:20 Gold Mining
31:20 Stone Mining
32:45 Scale Barding Armor
35:57 Stone Shaft Mining
35:57 Gold Shaft Mining
36:18 Chain Mail Armor
36:38 Iron Casting
36:27 Chain Barding Armor
37:26 Bow Saw
37:31 Stirrups
44:12 Imperial Age
45:23 Elite Konnik
46:44 Plate Barding Armor
48:57 Blast Furnace
48:28 Plate Mail Armor
48:41 Conscription
Hamurabi1
0:35 Loom
13:25 Feudal Age
22:48 Castle Age
20:57 Double-Bit Axe
21:06 Horse Collar
21:53 Stone Mining
22:26 Gold Mining
28:36 Forging
28:26 Scale Mail Armor
33:03 Iron Casting
37:38 Imperial Age
35:44 Bow Saw
35:53 Heavy Plow
36:38 Gold Shaft Mining
36:44 Stone Shaft Mining
37:35 Chain Mail Armor
37:11 Fletching
38:17 Wheelbarrow
37:28 Town Watch
37:50 Elite Kamayuk
39:35 Blast Furnace
39:17 Plate Mail Armor
39:38 Conscription
40:56 Hoardings
40:23 Bodkin Arrow
41:53 Ballistics
42:49 Bracer
43:30 Padded Archer Armor
44:20 Crop Rotation
44:07 Masonry
43:53 Murder Holes
44:12 Fortified Wall
43:49 Arrowslits
43:56 Guard Tower
45:09 Chemistry
45:29 Fabric Shields
46:55 Capped Ram
47:58 Leather Archer Armor
49:35 Ring Archer Armor
48:32 Crossbowman
49:31 Arbalester
50:25 Thumb Ring
52:01 Hand Cart
killerClown9969
14:53 Feudal Age
16:41 Wheelbarrow
21:10 Double-Bit Axe
21:07 Horse Collar
24:42 Loom
26:10 Gold Mining
26:13 Stone Mining
26:39 Scale Mail Armor
26:50 Forging
29:57 Castle Age
31:20 Chain Mail Armor
31:41 Iron Casting
30:35 Pikeman
31:16 Squires
46:58 Hand Cart
Hondkop
0:27 Loom
11:44 Feudal Age
21:21 Fletching
29:14 Castle Age
30:58 Bodkin Arrow
30:52 Town Watch
33:04 Scale Barding Armor
40:21 Chain Barding Armor
小鱼鱼鱼
6:53 Loom
10:58 Feudal Age
16:42 Castle Age
14:44 Horse Collar
14:58 Double-Bit Axe
16:07 Gold Mining
16:42 Stone Mining
19:29 Heavy Plow
21:21 Wheelbarrow
21:31 Bow Saw
22:20 Hand Cart
22:03 Town Watch
23:49 Fervor
25:07 Stone Shaft Mining
29:56 Gold Shaft Mining
32:42 Imperial Age
30:49 Herbal Medicine
32:51 Pikeman
33:44 Squires
34:09 Heavy Scorpion
34:25 Halberdier
37:05 Town Patrol
38:16 Two-Man Saw
38:20 Chemistry
37:16 Murder Holes
37:46 Forging
37:36 Scale Mail Armor
38:02 Masonry
38:13 Ballistics
37:32 Capped Ram
39:17 Arson
39:50 Husbandry
40:00 Bloodlines
39:11 Cavalier
42:43 Iron Casting
42:14 Scale Barding Armor
44:39 Conscription
43:49 Savar
45:27 Siege Ram
51:49 Chain Barding Armor
52:31 Blast Furnace
Connection lost

Rejoining the realm…

Still unreachable

The connection could not be restored.

Session expired

The server has moved on; the page needs a fresh start.